 Dungeon Crawl Stone Soup version 0.23.2-1-ga50397a (webtiles) character file.

Game seed: 9480729720238622102

3998 xveg the Slinger (level 10, -5/92 HPs)
             Began as a Deep Dwarf Hunter on May 8, 2019.
             Was an Elder of Okawaru.
             Killed from afar by an orc sorcerer (44 damage)
             ... with a bolt of fire
             ... on level 8 of the Dungeon.
             The game lasted 00:26:35 (6245 turns).

xveg the Slinger (Deep Dwarf Hunter)                Turns: 6245, Time: 00:26:36

Health: -5/92      AC:  6    Str: 20    XL:     10   Next: 3%
Magic:  4/8        EV: 13    Int: 12    God:    Okawaru [****..]
Gold:   515        SH:  4    Dex: 16    Spells: 9/9 levels left

rFire    x . .     SeeInvis .   a - +4 hunting sling
rCold    + . .     Gourm    .   q - +0 buckler
rNeg     . . .     Faith    .   v - +0 troll leather armour
rPois    .         Spirit   .   s - +1 helmet
rElec    .         Reflect  .   (no cloak)
rCorr    .         Harm     .   (no gloves)
MR       +....                  (no boots)
Stlth    ++........             C - amulet of regeneration
HPRegen  0.00/turn              r - +4 ring of strength
MPRegen  0.11/turn              u - ring of ice

@: non-regenerating
A: damage resistance, heal wounds, sense surroundings 2, no regeneration
a: Heal Wounds, Heroism, Renounce Religion


You were on level 8 of the Dungeon.
You worshipped Okawaru.
Okawaru was greatly pleased with you.
You were not hungry.

You visited 1 branch of the dungeon, and saw 8 of its levels.
You also visited: Sewer.

You collected 515 gold pieces.

Inventory:

Hand Weapons
 a - a +4 hunting sling (weapon)
 b - a +3 morningstar
 k - a +0 short sword
 G - a cursed +5 battleaxe
 H - a +0 scythe
 L - a +0 shortbow
Missiles
 g - 170 stones (quivered)
 p - 14 poisoned needles
 y - 79 arrows
Armour
 c - a +0 leather armour
 q - a +0 buckler (worn)
 s - a +1 helmet (worn)
 t - a +2 centaur barding
 v - a +0 troll leather armour (worn)
Jewellery
 n - a +1 ring of slaying
 r - a +4 ring of strength (left hand)
 u - a ring of ice (right hand)
 C - an amulet of regeneration (around neck)
Wands
 A - a wand of random effects (13)
 B - a wand of iceblast (11)
 E - a wand of flame (35)
 K - a wand of clouds (5)
Scrolls
 i - 7 scrolls of identify
 l - 4 scrolls of remove curse
 w - a scroll of magic mapping
 x - 7 scrolls of teleportation
 I - a scroll of amnesia {unknown}
Potions
 d - a potion of berserk rage
 e - a potion of mutation {unknown}
 h - a potion of haste {unknown}
 j - a potion of lignification
 m - a potion of brilliance
 o - 7 potions of flight
 z - 2 potions of agility
 D - a potion of cancellation
 F - a potion of degeneration {unknown}
Comestibles
 f - 12 rations


   Skills:
 + Level 6.4 Fighting
 + Level 2.3 Maces & Flails
 + Level 12.6 Slings
 + Level 4.1 Armour
 + Level 3.2 Dodging
 + Level 3.2 Stealth
 + Level 1.6 Shields
 + Level 0.3 Invocations
 + Level 0.7 Evocations


You had 9 spell levels left.
You didn't know any spells.
Your spell library contained the following spells:

 Spells                   Type           Power        Failure   Level  Hunger
 Flame Tongue             Conj/Fire      #....        45%         1    ##.....
 Throw Flame              Conj/Fire      #.....       61%         2    ###....
 Conjure Flame            Conj/Fire      #.......     83%         3    ####...
 Inner Flame              Hex/Fire       #.......     83%         3    ####...
 Sticky Flame             Conj/Fire      #.......     99%         4    #####..
 Fireball                 Conj/Fire      #.........   100%        5    ######.


Dungeon Overview and Level Annotations

Branches:
Dungeon (8/15)             Temple (0/1) D:4
   Lair: D:8-11

Altars:
Cheibriados
Dithmenos
Elyvilon
Fedhas
Hepliaklqana
Makhleb
Okawaru
Qazlal
Trog
Vehumet
Wu Jian
Yredelemnul

Shops:
D:6 }


Innate Abilities, Weirdness & Mutations

You are resistant to damage.
You can heal yourself by infusing magical energy.
You passively map the area around you.
You do not regenerate.


Message History

The orc sorcerer hits you with a +1 dagger of protection.
Firing (i - inventory)
g - 172 stones (quivered)
Press: ? - help, Shift-Dir - straight line, f/p - orc sorcerer
Aim: an orc sorcerer, wielding a +0 dagger and wearing a +0 robe (severely wounded)
You shoot a stone. The stone hits the orc sorcerer.
The orc sorcerer is severely wounded.
The orc sorcerer hits you but does no damage.
The chaos spawn gores you! The chaos spawn shocks you.
The orc sorcerer shouts, "You are history!"
The orc sorcerer hits you with a +1 dagger of protection.
Unknown command.
Unknown command.
Firing (i - inventory)
g - 171 stones (quivered)
Press: ? - help, Shift-Dir - straight line, f/p - orc sorcerer
Aim: an orc sorcerer, wielding a +0 dagger and wearing a +0 robe (severely wounded)
You shoot a stone.
The stone closely misses the orc sorcerer.
The orc sorcerer points at you and mumbles some strange words.
The bolt of fire hits you!!! The fire burns you terribly!
You die...

#.....#......########.. ,
#...<.'................,
#.....#................
,,
#.....#................,
*
.#.....#######..........,
.#.....#.... #....≈≈≈≈≈≈
* *
.#.....#.....###.≈≈##.##
, .#.....#.?.......≈## .#
≈, , .#.....#........@4#,
,. ≈
.#.....#........oo(...(.,
,
.###'####.######.≈#.(()(
, ......# # .(≈##...# ≈
** * ......# * ,..≈≈*#.##
, ......# , ,....≈≈ ≈≈≈≈
* #≈....# , ,....... . ,
##≈...##### ........ , ,,
.#......... ,##+######, *
,


You could see a chaos spawn and 2 orc sorcerers.

Vanquished Creatures
  An orc sorcerer (D:8)
  A kobold demonologist (D:6)
  A troll (D:6)
  Sigmund (D:3)
  Eustachio (D:6)
  An orc warrior (D:6)
  An ice beast (D:6)
  A phantom (D:6)
  3 ogres
  4 centaurs
  3 bullfrogs (D:7)
  2 scorpions
  4 killer bees (D:6)
  5 wights (D:6)
  6 crimson imps
  3 jellies (D:8)
  2 hounds
  6 orc priests
  8 orc wizards
  2 iguanas
  A merfolk siren (Sewer)
  A merfolk avatar (Sewer)
  5 worker ants
  A killer bee zombie (D:7)
  A worker ant zombie (D:7)
  8 adders
  A river rat (Sewer)
  7 shadow imps
  6 oozes
  An adder zombie (D:8)
  4 worms
  A dart slug (D:1)
  2 leopard geckos
  26 orcs
  10 giant cockroaches
  7 goblins
  6 hobgoblins
  11 jackals
  14 kobolds
  4 quokkas
  12 ball pythons
  10 bats
  9 frilled lizards
  A jackal skeleton (D:5)
  A quokka zombie (D:6)
  32 rats
238 creatures vanquished.

Vanquished Creatures (others)
  A quokka (D:3)
1 creature vanquished.

Grand Total: 239 creatures vanquished

Notes
Turn   | Place    | Note
-------+----------+-------------------------------------------
     0 | D:1      | xveg the Deep Dwarf Hunter began the quest for the Orb.
     0 | D:1      | Reached XP level 1. HP: 19/19 MP: 1/1
    69 | D:1      | Reached XP level 2. HP: 26/26 MP: 2/2
   235 | D:1      | Reached skill level 5 in Slings
   268 | D:1      | You fall through a shaft!
   465 | D:2      | Reached XP level 3. HP: 30/32 MP: 3/3
   692 | D:2      | You fall through a shaft!
   768 | D:3      | Found a radiant altar of Vehumet.
   788 | D:3      | Noticed Sigmund
   809 | D:3      | Killed Sigmund
   809 | D:3      | Reached skill level 7 in Slings
   809 | D:3      | Reached skill level 1 in Armour
   809 | D:3      | Reached XP level 4. HP: 22/40 MP: 4/4
   809 | D:3      | Reached XP level 5. HP: 25/46 MP: 5/5
  1041 | D:3      | Found a white marble altar of Elyvilon.
  1498 | D:2      | Reached XP level 6. HP: 42/55 MP: 6/6
  2322 | D:4      | Found an iron altar of Okawaru.
  2344 | D:4      | Became a worshipper of Warmaster Okawaru
  2413 | D:4      | Found a staircase to the Ecumenical Temple.
  2674 | D:4      | Found a stormy altar of Qazlal.
  2682 | D:4      | Reached skill level 8 in Slings
  2979 | D:5      | Entered Level 5 of the Dungeon
  2985 | D:5      | Reached XP level 7. HP: 57/62 MP: 7/7
  3043 | D:5      | Found a snail-covered altar of Cheibriados.
  3129 | D:5      | Reached * piety under Okawaru
  3275 | D:5      | Reached skill level 9 in Slings
  3376 | D:5      | Found an ornate altar of the Wu Jian Council.
  3427 | D:6      | Found a transporter.
  3495 | D:6      | Found a transporter.
  3501 | D:6      | Noticed a kobold demonologist
  3509 | D:6      | Reached XP level 8. HP: 72/72 MP: 8/8
  3587 | D:6      | Found a glowing drain.
  3596 | D:6      | Reached skill level 10 in Slings
  3688 | Sewer    | Entered a sewer
  4216 | D:6      | Reached ** piety under Okawaru
  4236 | D:6      | Found Gidaomui's Gadget Emporium.
  4330 | D:6      | Noticed a moth of wrath
  4333 | D:6      | Found a bloodstained altar of Trog.
  4485 | D:6      | Killed a kobold demonologist
  4485 | D:6      | Reached skill level 5 in Fighting
  4485 | D:6      | Reached skill level 11 in Slings
  4489 | D:6      | Gained mutation: You passively map the area around you.
                  | [Deep Dwarf growth]
  4489 | D:6      | Reached XP level 9. HP: 45/81 MP: 7/9
  4501 | D:6      | Reached skill level 1 in Shields
  4622 | D:6      | Noticed Eustachio
  4635 | D:6      | Killed Eustachio
  4690 | D:6      | Reached *** piety under Okawaru
  4898 | D:6      | Noticed a troll
  4918 | D:6      | Killed a troll
  5178 | D:7      | Reached skill level 12 in Slings
  5386 | D:7      | Found a shadowy altar of Dithmenos.
  5386 | D:7      | Found a burning altar of Makhleb.
  5509 | D:7      | Found a basalt altar of Yredelemnul.
  5651 | D:7      | Found a blossoming altar of Fedhas.
  5944 | D:8      | Found a hazy altar of Hepliaklqana.
  6122 | D:8      | Reached skill level 1 in Maces & Flails
  6213 | D:8      | Noticed an orc sorcerer
  6213 | D:8      | Noticed an orc sorcerer
  6221 | D:8      | Noticed an orc sorcerer
  6223 | D:8      | Noticed a red devil
  6227 | D:8      | Killed an orc sorcerer
  6227 | D:8      | Received a gift from Okawaru
  6227 | D:8      | Reached **** piety under Okawaru
  6227 | D:8      | Reached XP level 10. HP: 92/92 MP: 8/8
  6245 | D:8      | Killed from afar by an orc sorcerer

Skill      XL: |  1  2  3  4  5  6  7  8  9 |
---------------+----------------------------+-----
Slings         | 5 7 8 9 11 12 | 12.6
Fighting       | 2 3 4 5 6 |  6.4
Armour         | 1 2 3 4 |  4.1
Stealth        | 2 3 |  3.2
Shields        | 1 |  1.6
Dodging        | 3 |  3.2
Maces & Flails | 2 |  2.3
Invocations    | |  0.3
Evocations     | |  0.7

Action                   |  1- 3 |  4- 6 |  7- 9 | 10-12 || total
-------------------------+-------+-------+-------+-------++-------
Melee: Morningstar       |       |       |    37 |       ||    37
 Fire: Hunting sling     |   129 |   142 |   456 |    18 ||   745
Throw: Stone             |       |       |     4 |       ||     4
Invok: Heroism           |       |       |     1 |       ||     1
 Abil: Heal Wounds       |       |     3 |    13 |       ||    16
Evoke: Wand              |       |       |     4 |       ||     4
  Use: Scroll            |       |     1 |    10 |       ||    11
       Potion            |       |       |     5 |       ||     5
  Eat: Chunk             |       |     5 |     7 |       ||    12
       Ration            |       |       |     1 |       ||     1
Armor: Leather armour    |     8 |     8 |     9 |       ||    25
       Troll leather arm |       |       |    11 |     7 ||    18
Dodge: Dodged            |    25 |    15 |    89 |     8 ||   137
Block: Buckler           |       |       |    27 |       ||    27
